 Dungeon Crawl Stone Soup version 0.16-a0-1970-g0967df0 (webtiles) character file.

912 solipsistnation the Skirmisher (level 7, 0/66 HPs)
             Began as a Centaur Hunter on Nov 7, 2014.
             Slain by a slave (1 damage)
             ... led by Pikel
             ... on level 4 of the Dungeon.
             The game lasted 00:24:00 (6412 turns).

solipsistnation the Skirmisher (Centaur Hunter)     Turns: 6412, Time: 00:24:00

Health: 0/66       AC:  7    Str: 15    XL:     7   Next: 82%
Magic:  1/1        EV:  6    Int: 12    God:
Gold:   294        SH:  3    Dex:  9    Spells: 0 memorised, 6 levels left

rFire  . . .     SeeInvis .     u - +1 club (antimagic)
rCold  + . .     Clarity  .     r - +1 ring mail
rNeg   . . .     SustAb   .     s - +1 buckler {rC+}
rPois  .         Gourm    .     (no helmet)
rElec  .         Spirit   .     (no cloak)
rCorr  +         Warding  .     (no gloves)
rMut   .         Stasis   .     (no barding)
MR     .....                    d - amulet of resist corrosion
Stlth  ..........               (no ring)
                                (no ring)

@: lethally poisoned, very quick, not resistant to hostile enchantments,
extremely unstealthy
A: hooves 3, deformed body, speed 2, tough skin 3
a: no special abilities


You were on level 4 of the Dungeon.
You were hungry.

You visited 1 branch of the dungeon, and saw 4 of its levels.

You collected 294 gold pieces.

Inventory:

Hand weapons
 a - a +0 short sword
 b - a +1 hand crossbow
 u - a +1 antimagic club (weapon)
Missiles
 c - 20 bolts
 q - 14 arrows
Armour
 e - a +0 shield
 g - a +0 chain mail
 r - a +1 ring mail (worn)
 s - a +1 buckler of cold resistance (worn)
Jewellery
 d - an amulet of resist corrosion (around neck)
Magical devices
 l - a wand of random effects (18)
Scrolls
 j - 2 scrolls of teleportation
 x - a scroll of amnesia
Potions
 h - 4 potions of cancellation {unknown}
 k - a potion of curing {unknown}
 m - a potion of brilliance {unknown}
 n - 2 potions of heal wounds {unknown}
 p - a potion of poison {unknown}
 v - a potion of might {unknown}
Comestibles
 f - 4 bread rations
 i - 2 meat rations
 o - 7 fruits
 t - a royal jelly


   Skills:
 - Level 7.0 Fighting
 - Level 6.2 Crossbows
 + Level 3.0 Armour
 - Level 1.3 Dodging
 - Level 0.5 Stealth


You had 6 spell levels left.
You didn't know any spells.

Dungeon Overview and Level Annotations

Branches:
Dungeon (4/15)
 Temple: D:4-7

Altars:
Qazlal
Trog
Vehumet
Xom

Annotations:
D:4 Fusha's ghost, average DrMo; Prince Ribbit


Innate Abilities, Weirdness & Mutations

You have hooves in place of feet.
Armour fits poorly on your strangely shaped body.
You cover ground very quickly.
You have extremely tough skin (AC +3).


Message History

Your shield prevents you from hitting the adder.
You kick the adder.
The adder is severely wounded.
The adder bites you but does no damage. x2
The slave hits you!
* * * LOW HITPOINT WARNING * * *
Your shield and ring mail prevent you from hitting the adder.
The adder is severely wounded.
The adder bites you.
* * * LOW HITPOINT WARNING * * *
The slave hits you but does no damage. The adder bites you.
* * * LOW HITPOINT WARNING * * *
You are poisoned.
The adder poisons you! The slave hits you but does no damage.
You hit the adder. Your kick misses the adder.
The adder is severely wounded.
You feel sick. The adder bites you.
* * * LOW HITPOINT WARNING * * *
The slave hits you.
You die...

###.,,,,,,,,*,
#..,,,*,*****,
#.#*,,,,,,,*,,
####.#*,,,,,,,*,,
#.##.#**,,**,,*,,
#.##.#**,,,,,,,,,
#r...#*,,,,,,,,,,
####p####*,,,,,,,,,,
#..@..#,,,,,,.,,,*,*
##S####,,,,,..,,,*,*
#.# *,,*,,..,,,,.#
#.# *,,*###.**,#..
#.# *,,,,.$.,,,...
#.#****,*##..###..#
#..,,,.,,,.,......#
####*,..###.#.#..##
*,,...$...#.#.#..


You could see a slave, an adder and a rat.

Vanquished Creatures
  2 eyes of draining (D:4)
  2 ogres
  A phantom (D:4)
  A giant frog (D:4)
  A scorpion (D:4)
  An orc priest (D:4)
  A hound (D:4)
  4 iguanas
  A worker ant (D:4)
  An orc wizard (D:4)
  4 adders
  2 giant geckos
  7 orcs
  A ball python (D:4)
  12 bats
  A bat skeleton (D:4)
  3 giant cockroaches
  6 goblins
  13 hobgoblins
  6 jackals (D:3)
  6 giant newts
  10 kobolds
  2 orc skeletons (D:4)
  10 rats
98 creatures vanquished.

Vanquished Creatures (others)
  A jackal (D:3)
  A giant newt (D:3)
  2 rats (D:3)
4 creatures vanquished.

Grand Total: 102 creatures vanquished

Notes
Turn   | Place    | Note
--------------------------------------------------------------
     0 | D:1      | solipsistnation, the Centaur Hunter, began the quest for the Orb.
     0 | D:1      | Reached XP level 1. HP: 17/17 MP: 1/1
   301 | D:1      | Reached XP level 2. HP: 15/24 MP: 2/2
   422 | D:1      | Reached skill level 5 in Crossbows
  1773 | D:2      | Reached XP level 3. HP: 30/30 MP: 3/3
  2597 | D:3      | Found a stormy altar of Qazlal.
  2719 | D:3      | Reached XP level 4. HP: 25/40 MP: 3/3
  3151 | D:3      | Found a radiant altar of Vehumet.
  3382 | D:4      | Noticed a phantom
  3394 | D:4      | Killed a phantom
  3394 | D:4      | Reached skill level 5 in Fighting
  3394 | D:4      | Reached XP level 5. HP: 29/48 MP: 4/4
  3514 | D:4      | Noticed Prince Ribbit
  3794 | D:4      | Noticed an ogre
  3820 | D:3      | Killed an ogre
  3820 | D:3      | Reached skill level 6 in Fighting
  3820 | D:3      | Reached XP level 6. HP: 20/57 MP: 5/5
  4181 | D:4      | Noticed an ogre
  4187 | D:4      | Killed an ogre
  4187 | D:4      | Reached skill level 7 in Fighting
  4275 | D:4      | Noticed Fusha's ghost (average DrMo)
  4777 | D:4      | Found a shimmering altar of Xom.
  5157 | D:4      | Reached XP level 7. HP: 59/66 MP: 5/5
  5293 | D:4      | Noticed a giant frog
  5302 | D:4      | Killed a giant frog
  5575 | D:4      | Reached skill level 1 in Armour
  5870 | D:4      | Noticed an eye of draining
  5879 | D:4      | Found a bloodstained altar of Trog.
  5879 | D:4      | Noticed an eye of draining
  5914 | D:4      | Killed an eye of draining
  5942 | D:4      | Killed an eye of draining
  6372 | D:4      | Noticed a slave
  6412 | D:4      | HP: 1/66 [adder (3)]
  6412 | D:4      | Slain by a slave

Action                   |  1- 3 |  4- 6 |  7- 9 || total
-------------------------+-------+-------+-------++-------
Melee: Short sword       |   176 |   115 |   122 ||   413
       Club              |       |       |    60 ||    60
 Fire: Hand crossbow     |    18 |    51 |       ||    69
  Use: Scroll            |     5 |       |     4 ||     9
  Eat: Chunk             |     4 |     7 |     4 ||    15
